AoeStats
← LethalHubris

Arabia

512098029Analyzed
2v2 RM · 11d ago on Oct 8, 2026· 33m 7s· 4 players
Game mode
Random Map
Map size
Medium (4 player)
Population
200
Speed
Normal
Resources
Standard
Victory
Conquest
Starting age
Dark Age
Ending age
Imperial Age
RankedLock teamsTeams togetherTeam positionsShared explorationLock speedFull tech treeHidden civsTurbo modeCheats
Victory
Defeat
🇨🇴 Ethiopians · Colombia
1332
+13
🇨🇴 Cumans · Colombia
1295
+14
vs
🇺🇸 Huns · United States
1259
-14
🇺🇸 Lithuanians · United States
1249
-13
sr.castillo
5:09 Loom
9:53 Feudal Age
9:58 Man-at-Arms
14:47 Double-Bit Axe
17:14 Fletching
22:40 Castle Age
21:22 Padded Archer Armor
21:41 Gold Mining
22:25 Horse Collar
22:43 Crossbowman
23:25 Bodkin Arrow
23:47 Bow Saw
32:57 Leather Archer Armor
joluga
7:43 Loom
10:03 Feudal Age
12:45 Double-Bit Axe
13:31 Horse Collar
23:25 Castle Age
22:24 Wheelbarrow
21:58 Fletching
22:08 Padded Archer Armor
22:37 Padded Archer Armor
22:44 Stone Mining
23:27 Bloodlines
23:28 Crossbowman
24:16 Bodkin Arrow
25:03 Thumb Ring
24:55 Gold Mining
26:23 Gold Shaft Mining
26:34 Hand Cart
26:35 Town Watch
28:07 Leather Archer Armor
32:07 Imperial Age
31:42 Scale Barding Armor
31:48 Forging
31:38 Scale Mail Armor
32:24 Steppe Husbandry
33:46 Chain Barding Armor
34:02 Iron Casting
LethalHubris
7:16 Loom
9:57 Feudal Age
10:34 Double-Bit Axe
10:30 Horse Collar
17:25 Fletching
25:11 Castle Age
23:27 Gold Mining
24:53 Padded Archer Armor
25:59 Bodkin Arrow
25:32 Elite Skirmisher
Stonefoot28
7:12 Loom
10:26 Feudal Age
11:24 Double-Bit Axe
12:00 Horse Collar
19:48 Castle Age
17:56 Scale Mail Armor
17:45 Arson
18:24 Forging
18:44 Stone Mining
19:11 Town Watch
20:03 Wheelbarrow
19:57 Gold Mining
21:20 Stone Shaft Mining
23:45 Bow Saw
25:50 Chain Mail Armor
27:08 Scale Barding Armor
29:48 Chain Barding Armor
29:25 Light Cavalry
Connection lost

Rejoining the realm…

Still unreachable

The connection could not be restored.

Session expired

The server has moved on; the page needs a fresh start.